 Dungeon Crawl Stone Soup version 0.31-a0-507-gbafd7f5274 (webtiles) character file.

Game seed: 13121084764822531314

14178 pokeman the Eclecticist (level 11, -2/64 HPs)
             Began as a Deep Elf Hedge Wizard on Aug 9, 2023.
             Was a Follower of Vehumet.
             Killed by miscasting Airstrike (8 damage)
             ... on level 12 of the Dungeon on Aug 10, 2023.
             The game lasted 00:39:31 (14517 turns).

pokeman the Eclecticist (Deep Elf Hedge Wizard)    Turns: 14517, Time: 00:39:32

Health: -2/64      AC: 14    Str:  7    XL:     11   Next: 85%
Magic:  28/43      EV: 13    Int: 24    God:    Vehumet [*.....]
Gold:   123        SH:  0    Dex: 14    Spells: 33/45 levels left

rFire   . . .        t - +2 hand axe (venom)
rCold   + . .        (no shield)
rNeg    . . .        p - +2 robe {rC+}
rPois   .            H - +2 helmet {SInv}
rElec   .            f - +1 cloak
rCorr   .            o - +0 pair of gloves
SInv    +            q - +2 pair of boots
Will    +....        Q - amulet of magic regeneration
Stlth   +++          S - ring of magical power
HPRegen 0.30/turn    G - ring of flight
MPRegen 0.68/turn

%: no passive effects
@: flying, very slightly contaminated
A: no striking features
a: Renounce Religion


You were on level 12 of the Dungeon.
You worshipped Vehumet.
Vehumet was aware of your devotion.
You visited 3 branches of the dungeon, and saw 14 of its levels.
You also visited: Sewer, Ossuary and Bailey.

You collected 708 gold pieces.
You spent 585 gold pieces at shops.

Inventory:

Hand Weapons
 t - a +2 hand axe of venom (weapon)
 Z - a +2 dagger of electrocution
Missiles
 L - 2 throwing nets
Armour
 a - a scarf of invisibility
 f - a +1 cloak (worn)
 o - a +0 pair of gloves (worn)
 p - a +2 robe of cold resistance (worn)
 q - a +2 pair of boots (worn)
 H - a +2 helmet of see invisible (worn)
 X - +0 swamp dragon scales
Jewellery
 C - a +5 ring of evasion
 F - an amulet of the acrobat
 G - a ring of flight (right hand)
 P - a ring of see invisible
 Q - an amulet of magic regeneration (around neck)
 S - a ring of magical power (left hand)
 T - a +6 ring of dexterity
Wands
 s - a wand of flame (31)
 W - a wand of paralysis (15)
 Y - a wand of iceblast (1)
Scrolls
 c - a scroll of fog {unknown}
 g - 5 scrolls of revelation {unknown}
 h - a scroll of enchant armour {unknown}
 i - 5 scrolls of fear {unknown}
 j - 3 scrolls of amnesia {unknown}
 m - 4 scrolls of immolation
 n - 15 scrolls of identify {unknown}
 x - 8 scrolls of teleportation {unknown}
 y - 3 scrolls of acquirement
 B - 9 scrolls of noise {unknown}
 D - 2 scrolls of enchant weapon {unknown}
 I - a scroll of butterflies {unknown}
 J - a scroll of brand weapon {unknown}
 K - 3 scrolls of poison {unknown}
 O - 2 scrolls of torment {unknown}
 U - 2 scrolls of blinking
 V - a scroll of silence {unknown}
Potions
 b - 6 potions of degeneration {unknown}
 d - a potion of magic
 e - 5 potions of haste {unknown}
 k - 7 potions of curing {unknown}
 l - a potion of heal wounds {unknown}
 r - 3 potions of cancellation {unknown}
 u - a potion of enlightenment {unknown}
 v - 3 potions of mutation {unknown}
 w - 3 potions of might {unknown}
 z - 2 potions of resistance {unknown}
 A - a potion of invisibility {unknown}
 E - a potion of ambrosia {unknown}
 M - 2 potions of lignification {unknown}
 N - a potion of brilliance {unknown}
 R - 4 potions of attraction {unknown}


   Skills:
 + Level 5.5 Fighting
 - Level 5.0 Armour
 - Level 4.0 Dodging
 - Level 4.2 Stealth
 * Level 17.5 Spellcasting
 + Level 10.5 Conjurations
 - Level 1.1 Summonings
 - Level 1.1 Translocations
 - Level 1.1 Air Magic
 - Level 1.0 Poison Magic
 - Level 1.1 Evocations


You had 33 spell levels left.
You knew the following spells:

 Your Spells              Type           Power      Damage    Failure   Level
a - Magic Dart            Conj           100%       1d8       1%          1
b - Mephitic Cloud        Conj/Pois/Air  41%        N/A       1%          3
c - Call Imp              Summ           52%        N/A       2%          2
d - Blink                 Tloc           52%        N/A       2%          2
e - Airstrike             Air            13%        2d(2-18)  16%         4

Your spell library contained the following spells:

 Spells                   Type           Power      Damage    Failure   Level
 Foxfire                  Conj/Fire      100%       2x1d9     1%          1
 Static Discharge         Conj/Air       98%        2-7/arc   1%          2
 Dazzling Flash           Conj/Hex       92%        N/A       1%          3
 Hailstorm                Conj/Ice       46%        3d11      1%          3
 Slow                     Hex            84%        N/A       2%          1
 Cigotuvi's Dreadful Rot  Necr/Pois/Air  48%        N/A       2%          2
 Summon Lightning Spire   Summ/Air       26%        N/A       16%         4
 Summon Ice Beast         Ice/Summ       23%        N/A       19%         4
 Animate Dead             Necr           21%        N/A       24%         4
 Silence                  Hex/Air        11%        N/A       47%         5
 Agony                    Necr           21%        N/A       56%         5
 Borgnjor's Vile Clutch   Necr/Erth      10%        N/A       56%         5
 Death Channel            Necr           10%        N/A       98%         6
 Simulacrum               Ice/Necr       10%        N/A       98%         6


Dungeon Overview and Level Annotations

Branches:
Dungeon (12/15)            Temple (1/1) D:5            Lair (0/5) D:10
    Orc (1/2) D:9           Sewer (visited)         Ossuary (visited)
 Bailey (visited)

Altars:
Ashenzari
Cheibriados
Dithmenos
Elyvilon
Fedhas
Gozag
Hepliaklqana
Kikubaaqudgha
Makhleb
Nemelex Xobeh
Okawaru
Qazlal
Ru
Sif Muna
Trog
Uskayaw
Vehumet
Wu Jian
Xom
Yredelemnul
Zin
The Shining One

Shops:
D:5 [   D:6 =[   D:11 *

Annotations:
D:6 1 runed translucent door, sunglassesatnite's ghost, novice MiBe


Message History

As you open the door, it creaks loudly!
The large slime creature attacks as you move away!
The large slime creature hits you!
* * * LOW HITPOINT WARNING * * *
Your magical contamination has completely faded away.
There is an open door here.
Casting: Call Imp (safe; 2% risk of failure)
Confirm with . or Enter, or press ? or * to list all spells.
You blink.
You feel stable enough to blink again.
There is an open door here.
There is an open door here.
You see here a +0 whip.
Casting: Blink (safe; 2% risk of failure)
Confirm with . or Enter, or press ? or * to list all spells.
Aiming: Airstrike (dangerous; 16% risk of failure)
Press: ? - help, Dir - move target, f/p - slime creature
Aim: a slime creature (heavily wounded, empty space bonus: 8/8)
The air twists around and strikes the slime creature!!
The slime creature is almost dead.
Unknown command.
Casting: Airstrike (dangerous; 16% risk of failure)
Confirm with . or Enter, or press ? or * to list all spells.
Aiming: Airstrike (dangerous; 16% risk of failure)
Press: ? - help, Dir - move target, f/p - slime creature
Aim: a slime creature (almost dead, empty space bonus: 7/8)
The air twists around and strikes the slime creature!!
You kill the slime creature!
Vehumet accepts your kill. The slime creature hits you!
* * * LOW HITPOINT WARNING * * *
Casting: Airstrike (dangerous; 16% risk of failure)
Confirm with . or Enter, or press ? or * to list all spells.
Aiming: Airstrike (dangerous; 16% risk of failure)
Press: ? - help, Dir - move target, f - slime creature
Aim: a slime creature (heavily wounded, empty space bonus: 7/8)
You miscast Airstrike.
You are very lightly contaminated with residual magic.
There is a short, sharp shower of sparks!
You die...

############ ########
#..........# #>.....#
#..........############
Jo.....####..........'.##........
#..o...##.J..........#..'........
#......##.#.o........####........
#....^.#J.#.)..J@....# #........
#......J.##.)........# #........
#......####))........# #.......<
#......# #..........# #........
##'##### ##'######### #####'###
...# #.### #....# #### #...#
##'###### ###.# #.......# ######
#.# #.......#


You could see 2 slime creatures and an orc.

Vanquished Creatures
  Josephine (D:12)
  2 two-headed ogres
  2 manticores
  An unseen horror (D:12)
  5 kobold demonologists
  Maggie (D:7)
  A komodo dragon (D:11)
  A troll (D:11)
  A hornet (D:10)
  6 slime creatures
  3 shadows
  4 wraiths (D:12)
  A wyvern (D:10)
  6 yaks
  2 steam dragons
  A vampire (D:11)
  4 vampire mosquitoes (D:12)
  2 water moccasins
  Duvessa (D:7)
  2 ice beasts (D:6)
  2 black bears (D:7)
  10 orc warriors
  3 ogres
  3 centaurs
  3 phantoms
  4 kobold brigands (D:12)
  5 bullfrogs
  A scorpion (D:10)
  2 water moccasin zombies (Ossuary)
  Dowan (D:7)
  14 killer bees
  2 troll zombies (D:9)
  5 electric eels (Bailey)
  A howler monkey (D:7)
  A jelly (D:6)
  7 orc priests
  3 iguanas (D:5)
  4 sleepcaps
  15 orc wizards
  3 ogre zombies (D:9)
  2 mummies (Ossuary)
  3 adders
  6 gnolls
  3 white imps
  2 ufetubi
  4 adder zombies (Ossuary)
  A dart slug (D:4)
  36 orcs
  A bat (D:2)
  5 endoplasms
  6 giant cockroaches
  17 goblins
  8 hobgoblins
  5 jackals
  11 kobolds
  5 quokkas
  6 ball pythons
  2 frilled lizards
  2 goblin skeletons (D:9)
  2 goblin zombies (D:9)
  12 hobgoblin zombies
  7 kobold zombies (Ossuary)
  2 orc skeletons (D:9)
  17 orc zombies
301 creatures vanquished.

Vanquished Creatures (collateral kills)
  A two-headed ogre zombie (D:9)
  2 ogre zombies (D:9)
  An orc (D:12)
  A goblin zombie (D:9)
  2 hobgoblin zombies (D:9)
  2 orc zombies (D:9)
9 creatures vanquished.

Grand Total: 310 creatures vanquished

Notes
Turn   | Place    | Note
-------+----------+-------------------------------------------
     0 | D:1      | pokeman the Deep Elf Hedge Wizard began the quest for the
                  | Orb.
     0 | D:1      | Reached XP level 1. HP: 10/10 MP: 7/7
   419 | D:1      | Reached XP level 2. HP: 16/16 MP: 3/9
  1292 | D:2      | Reached skill level 5 in Spellcasting
  1316 | D:2      | Reached XP level 3. HP: 20/20 MP: 2/11
  1320 | D:2      | Learned a level 3 spell: Mephitic Cloud
  1323 | D:2      | Learned a level 2 spell: Call Imp
  1326 | D:2      | Learned a level 2 spell: Blink
  1780 | D:3      | Found a hazy altar of Hepliaklqana.
  1852 | D:3      | Found a glowing golden altar of the Shining One.
  2193 | D:3      | Reached skill level 1 in Armour
  2272 | D:3      | Reached skill level 1 in Fighting
  2294 | D:3      | Reached XP level 4. HP: 24/25 MP: 5/13
  2378 | D:3      | Found a shadowy altar of Dithmenos.
  2378 | D:3      | Found a shimmering altar of Xom.
  2739 | D:4      | Found a glowing drain.
  2755 | Sewer    | Entered a sewer
  2837 | Sewer    | Noticed a water moccasin
  2851 | Sewer    | Killed a water moccasin
  2852 | Sewer    | Reached skill level 6 in Spellcasting
  2852 | Sewer    | Reached XP level 5. HP: 14/29 MP: 2/15
  3037 | D:4      | Reached XP level 6. HP: 24/34 MP: 8/17
  4008 | D:5      | Entered Level 5 of the Dungeon
  4204 | D:5      | Reached skill level 7 in Spellcasting
  4272 | D:5      | Found an iron altar of Okawaru.
  4317 | D:5      | Found Eppymele's Antique Armour Shop.
  4375 | D:5      | Reached XP level 7. HP: 18/38 MP: 10/20
  4382 | D:5      | Reached skill level 1 in Poison Magic
  4472 | D:4      | Reached skill level 1 in Air Magic
  4472 | D:4      | Reached skill level 1 in Evocations
  4570 | D:5      | Reached skill level 8 in Spellcasting
  4622 | D:5      | Bought a glowing helmet for 165 gold pieces
  4793 | D:5      | Found a staircase to the Ecumenical Temple.
  5346 | D:6      | Found Dox Koej's Jewellery Emporium.
  5438 | D:6      | Found a broken altar of Ashenzari.
  5539 | D:6      | Found a runed translucent door.
  5544 | D:6      | Noticed sunglassesatnite's ghost (novice MiBe)
  5585 | D:6      | Noticed a vampire mosquito
  5630 | D:6      | Found a sand-covered staircase.
  5635 | Ossuary  | Entered an ossuary
  5684 | Ossuary  | Reached skill level 9 in Spellcasting
  5684 | Ossuary  | Reached XP level 8. HP: 38/44 MP: 23/23
  5994 | D:6      | Reached skill level 5 in Conjurations
  6174 | D:6      | Reached skill level 10 in Spellcasting
  6363 | D:6      | Found Hisau's Armour Shop.
  6535 | D:7      | Noticed Maggie
  6675 | D:7      | Reached skill level 11 in Spellcasting
  6682 | D:7      | Reached XP level 9. HP: 48/48 MP: 19/26
  6738 | D:7      | Noticed Duvessa
  6744 | D:7      | Noticed Dowan
  6751 | D:7      | Killed Dowan
  6763 | D:7      | Killed Duvessa
  6766 | D:7      | Paralysed by Maggie for 3 turns
  6893 | D:7      | Reached skill level 12 in Spellcasting
  7417 | D:7      | Found a stormy altar of Qazlal.
  7681 | D:8      | Found a shimmering blue altar of Sif Muna.
  7886 | D:8      | Found a flagged portal.
  7906 | Bailey   | Entered a bailey
  8000 | Bailey   | Reached skill level 13 in Spellcasting
  8337 | Bailey   | Noticed a kobold demonologist
  8342 | Bailey   | Noticed a kobold demonologist
  8343 | Bailey   | Found an iron altar of Okawaru.
  8346 | Bailey   | Noticed a red devil
  8357 | Bailey   | Killed a kobold demonologist
  8358 | Bailey   | Reached XP level 10. HP: 6/56 MP: 20/29
  9004 | D:8      | Found an ornate altar of the Wu Jian Council.
  9143 | D:6      | Bought a ring of magical power for 300 gold pieces
  9279 | D:9      | Reached skill level 14 in Spellcasting
  9708 | D:9      | Found a staircase to the Orcish Mines.
 10933 | Temple   | Entered the Ecumenical Temple
 10946 | Temple   | Became a worshipper of Vehumet
 11106 | Orc:1    | Entered Level 1 of the Orcish Mines
 11127 | D:10     | Entered Level 10 of the Dungeon
 11146 | D:10     | Reached skill level 15 in Spellcasting
 11779 | D:10     | Noticed a two-headed ogre
 11792 | D:10     | Killed a two-headed ogre
 11793 | D:10     | Reached XP level 11. HP: 46/61 MP: 32/32
 11900 | D:10     | Found a staircase to the Lair.
 12388 | D:10     | Reached skill level 5 in Armour
 12397 | D:10     | Learned a level 4 spell: Airstrike
 12617 | D:10     | Reached skill level 16 in Spellcasting
 12701 | D:11     | Found a white marble altar of Elyvilon.
 12876 | D:11     | Noticed a two-headed ogre
 12879 | D:11     | Killed a two-headed ogre
 13092 | D:11     | Found Galuoh's General Store.
 13098 | D:11     | Bought a scroll of blinking for 120 gold pieces
 13252 | D:7      | Killed Maggie
 13724 | D:12     | Reached * piety under Vehumet
 13724 | D:12     | Offered knowledge of Foxfire by Vehumet.
 13725 | D:12     | Reached skill level 10 in Conjurations
 13738 | D:12     | Reached skill level 5 in Fighting
 13880 | D:12     | Noticed Josephine
 13953 | D:12     | Reached skill level 17 in Spellcasting
 14397 | D:12     | Killed Josephine
 14517 | D:12     | Killed by miscasting Airstrike

Illustrated notes

Levels and vault maps discovered:
D:1:      lightli_arrival_lavapool, layout_basic, amcnicky_mini_corridor_feature
D:2:      layout_basic
D:3:      layout_rooms, mainiacjoe_overflow_paths, mainiacjoe_overflow_alcove_2,
          gammafunk_temple_overflow_wave, nicolae_elevator_lobby_plus
D:4:      layout_layer_cave, portal_sewer_entry_f
D:5:      layout_basic, okawaru_trees_2, minmay_temple_entry_glass,
          nicolae_inconvenience_store
D:6:      layout_loops_ring, mainiacjoe_overflow_surrounded_room,
          ebering_ghost_inner_flame, enter_ossuary_5, serial_shops,
          nicolae_shop_peninsula, nicolae_shop_tiny_waterfront
D:7:      layout_cave_pools, nicolae_qazlal_eye_of_the_storm,
          minmay_misc_feat_pillars, corexii_checkpoint_a, uniq_maggie,
          uniq_duvessa
D:8:      layout_loops_ring, tgw_sif, lemuel_doored_altar, enter_bailey_3
D:9:      layout_long_grid, zombieorc2_lemuel
D:10:     layout_loops_cross, grunt_lair_entry_orc_guard_hut
D:11:     layout_rooms, minmay_shop_grid_forest, elyvilon_altar_1
D:12:     layout_roguey, uniq_josephine
Temple:   cyrus_circular_temple
Orc:1:    layout_diamond_mine, serial_shops, shop, nicolae_shop_real_fake_doors,
          nicolae_shop_tiny_waterfront, nicolae_shop_tiny_statue_garden

Skill      XL: |  1  2  3  4  5  6  7  8  9 10 11 |
---------------+----------------------------------+-----
Spellcasting   | 5 6 7 9 11 13 15 17 | 17.5
Armour         | 1 3 4 5 |  5.0
Fighting       | 1 2 4 5 |  5.5
Conjurations   | 2 3 4 6 7 9 10 | 10.5
Dodging        | 3 4 |  4.0
Stealth        | 3 4 |  4.2
Poison Magic   | 1 |  1.0
Air Magic      | 1 |  1.1
Evocations     | 1 |  1.1
Summonings     | |  1.1
Translocations | |  1.1

Action                     |  1- 3 |  4- 6 |  7- 9 | 10-12 || total
---------------------------+-------+-------+-------+-------++-------
  Melee: Dagger            |    34 |       |       |       ||    34
         Hand axe          |       |    32 |   306 |   189 ||   527
         Punch             |       |       |     7 |     4 ||    11
   Cast: Magic Dart        |    87 |    69 |   140 |   168 ||   464
         Mephitic Cloud    |     1 |     5 |    44 |    33 ||    83
         Call Imp          |       |     1 |    10 |    11 ||    22
         Blink             |       |     1 |     1 |     6 ||     8
         Airstrike         |       |       |       |    83 ||    83
  Evoke: Wand              |       |       |       |     1 ||     1
   Stab: Confused          |     2 |     3 |    21 |    17 ||    43
         Sleeping          |       |       |     5 |       ||     5
 Armour: Robe              |    12 |    12 |    83 |    97 ||   204
  Dodge: Dodged            |    33 |    35 |   310 |   152 ||   530

Table legend: (Time is in decaauts)
 A = Elapsed time spent in this place.
 B = Non-inter-level travel time spent in this place.
 C = Inter-level travel time spent in this place.
 D = Time resting spent in this place.
 E = Time spent auto-exploring this place.
 F = Levels seen in this place.
 G = Mean time per level.
                   A        B        C        D        E       F      G
               +--------+--------+--------+--------+--------+-----+--------+
         Total |  14708 |  13652 |   1056 |    763 |   9327 |  17 |  865.2 |
       Dungeon |  13237 |  12194 |   1043 |    594 |   8636 |  12 | 1103.1 |
        Temple |     26 |     14 |     12 |      0 |      0 |   1 |   26.0 |
  Orcish Mines |      1 |      1 |      0 |      0 |      0 |   1 |    1.0 |
         Sewer |    276 |    276 |      0 |      0 |    227 |   1 |  276.0 |
       Ossuary |    315 |    315 |      0 |      0 |     70 |   1 |  315.0 |
        Bailey |    851 |    851 |      0 |    169 |    393 |   1 |  851.0 |
               +--------+--------+--------+--------+--------+-----+--------+

Top non-repeatable levels by time:
     D:9: 1664 daAuts
    D:10: 1424 daAuts
     D:4: 1356 daAuts
     D:6: 1212 daAuts
     D:5: 1176 daAuts
     D:8: 1075 daAuts
    D:12: 1034 daAuts
     D:7: 1034 daAuts
     D:3: 949 daAuts
     D:1: 876 daAuts
  Bailey: 851 daAuts
     D:2: 745 daAuts
    D:11: 687 daAuts
 Ossuary: 315 daAuts
   Sewer: 276 daAuts
